 Dungeon Crawl Stone Soup version 0.27-a0-1200-g94dc6ad4cf (webtiles) character file.

Game seed: 12279543738590160787

1551 hilljack the Conjurer (level 8, -1/41 HPs)
             Began as a Gargoyle Earth Elementalist on June 1, 2021.
             Slain by a yak (15 damage)
             ... on level 5 of the Dungeon.
             The game lasted 00:20:02 (8355 turns).

hilljack the Conjurer (Gargoyle Earth Elementalist) Turns: 8355, Time: 00:20:03

Health: -1/41      AC:  9    Str: 13    XL:     8   Next: 88%
Magic:  10/16      EV: 16    Int: 17    God:
Gold:   357        SH:  0    Dex: 10    Spells: 6/18 levels left

rFire    . . .     SeeInvis .   a - +0 shortbow
rCold    . . .     Faith    .   (shield currently unavailable)
rNeg     + . .     Spirit   .   c - +0 robe
rPois    ∞         Reflect  .   (no helmet)
rElec    +         Harm     +   o - +0 cloak
rCorr    .         Rampage  .   (no gloves)
Will     +....                  v - +0 pair of boots "Duuruvvo" {Harm Will+}
Stlth    ++........             (no amulet)
HPRegen  0.13/turn              h - +4 ring of evasion
MPRegen  0.15/turn              (no ring)

@: no status effects
A: sickness immunity, AC +5, negative energy resistance 1, electricity
resistance, torment resistance 1, petrification resistance
a: no special abilities


You were on level 5 of the Dungeon.
You visited 1 branch of the dungeon, and saw 6 of its levels.

You collected 357 gold pieces.

Inventory:

Hand Weapons
 a - a +0 shortbow (weapon)
 b - a +0 whip
 m - a +0 hunting sling
Missiles
 d - 112 sling bullets
 j - 43 bolts
 k - 181 stones
 t - 35 arrows (quivered ammo)
Armour
 c - a +0 robe (worn)
 o - a +0 cloak (worn)
 v - the +0 pair of boots "Duuruvvo" (worn) {Harm Will+}
   (You found it on level 4 of the Dungeon)

   It increases damage dealt and taken.
   It increases your willpower.
Magical Staves
 x - a staff of cold
Jewellery
 h - a +4 ring of evasion (left hand)
 i - a ring of poison resistance
 n - a ring of protection from cold
 z - a ring of wizardry
Wands
 e - a wand of polymorph (7)
 p - a wand of flame (22)
Scrolls
 l - 2 scrolls of amnesia
 q - 2 scrolls of magic mapping
 r - a scroll of enchant weapon {unknown}
 s - 2 scrolls of blinking
 y - 4 scrolls of teleportation
Potions
 f - 3 potions of curing
 g - 2 potions of haste
 u - a potion of lignification
 w - a potion of ambrosia {unknown}
 A - a potion of brilliance {unknown}


   Skills:
 + Level 4.9 Bows
 - Level 2.0 Dodging
 - Level 2.1 Stealth
 + Level 5.7 Spellcasting
 + Level 6.8 Conjurations
 - Level 1.2 Transmutations
 - Level 5.2 Earth Magic


You had 6 spell levels left.
You knew the following spells:

 Your Spells              Type           Power      Damage    Failure   Level
a - Sandblast             Erth           44%        2d11      1%          1
b - Stone Arrow           Conj/Erth      50%        3d10      3%          3
c - Passwall              Tmut/Erth      12%        N/A       5%          2
d - Corona                Hex            4%         N/A       13%         1
e - Lee's Rapid Deconstr  Erth           11%        3d9*      38%         5

Your spell library contained the following spells:

 Spells                   Type           Power      Damage    Failure   Level
 Magic Dart               Conj           100%       1d8       1%          1
 Searing Ray              Conj           56%        3d5       1%          2
 Dazzling Flash           Conj/Hex       32%        N/A       10%         3
 Ensorcelled Hibernation  Hex/Ice        8%         N/A       21%         2
 Fulminant Prism          Conj/Hex       8%         3d7       32%         4
 Iskenderun's Mystic Bla  Conj/Tloc      16%        2d5       32%         4
 Petrify                  Tmut/Erth      15%        N/A       34%         4
 Confusing Touch          Hex            4%         N/A       36%         3
 Tukima's Dance           Hex            4%         N/A       36%         3


Dungeon Overview and Level Annotations

Branches:
Dungeon (6/15)
 Temple: D:4-7

Altars:
Dithmenos
Hepliaklqana
Yredelemnul
Zin


Innate Abilities, Weirdness & Mutations

You are immune to sickness and miasma.
Your stone body is resilient. (AC +5)
You are immune to poison.
You resist negative energy. (rN+)
You are resistant to electric shocks. (rElec)
You are resistant to unholy torment.
You are immune to petrification.


Message History

The yak misses you.
Aiming: Stone Arrow (dangerous; 3% risk of failure)
Press: ? - help, Q - select action, (/) - cycle Shift-Dir - straight line, f - yak
Aim: a yak (83% to hit)
The stone arrow hits the yak!!
The yak is severely wounded.
The yak gores you.
Aiming: Stone Arrow (dangerous; 3% risk of failure)
Press: ? - help, Q - select action, (/) - cycle Shift-Dir - straight line, f/p - yak
Aim: a yak (severely wounded, 83% to hit)
The stone arrow hits the yak.
The yak is severely wounded.
The yak gores you.
Aiming: Stone Arrow (dangerous; 3% risk of failure)
Press: ? - help, Q - select action, (/) - cycle Shift-Dir - straight line, f/p - yak
Aim: a yak (severely wounded, 83% to hit)
The stone arrow hits the yak!!
You kill the yak!
You start resting.
Magic restored.
You start resting.
HP restored.
You climb downwards.
The yak barely misses you. The yak gores you!
There is a stone staircase leading up here.
The yak misses you. The yak barely misses you.
You climb upwards.
There is a stone staircase leading down here.
Aiming: Stone Arrow (dangerous; 3% risk of failure)
Press: ? - help, Q - select action, (/) - cycle Shift-Dir - straight line, f - yak
Aim: a yak (83% to hit)
The stone arrow hits the yak!
The yak is heavily wounded.
The yak gores you. The yak gores you!
Aiming: Stone Arrow (dangerous; 3% risk of failure)
Press: ? - help, Q - select action, (/) - cycle Shift-Dir - straight line, f/p - yak
Aim: a yak (heavily wounded, 83% to hit)
The stone arrow hits the yak!
The yak is almost dead.
The yak barely misses you. The yak gores you!
You die...

#.#...#..##########....
#.#......# ###.. #.....##.#
##.. ######...##.# #..(
#.....#..##.# ##.#.
#...........###### ##..#.
#.....#.#.#....<.####..##.
#.....#...#.####..........
#..#####.@#.########......
#.## ##.YY..!.........###
#.# #.......######.### #
##.#####.....#.#### #.# ##
#..##....#..##....###.####.
#.###.......#####.##....##.
#.# #####...# #.......##.
#.# #...## ####....... #.#
###...### #####.##


You could see 2 yaks.

Vanquished Creatures
  4 yaks (D:5)
  An ogre (D:5)
  A centaur (D:4)
  A bullfrog (D:6)
  3 scorpions (D:5)
  2 wyvern skeletons
  A water moccasin skeleton (D:4)
  A bullfrog zombie (D:5)
  A centaur zombie (D:4)
  3 iguanas
  2 hound zombies (D:5)
  8 gnolls
  5 adders
  3 ufetubi
  3 worms
  3 dart slugs
  5 bats
  7 endoplasms
  5 giant cockroaches
  4 goblins
  10 hobgoblins
  10 jackals
  5 quokkas
  6 ball pythons
  7 frilled lizards
  6 kobolds
  7 rats
114 creatures vanquished.

Vanquished Creatures (others)
  4 plants (D:3)
4 creatures vanquished.

Grand Total: 118 creatures vanquished

Notes
Turn   | Place    | Note
-------+----------+-------------------------------------------
     0 | D:1      | hilljack the Gargoyle Earth Elementalist began the quest
                  | for the Orb.
     0 | D:1      | Reached XP level 1. HP: 10/10 MP: 3/3
   253 | D:1      | Reached skill level 1 in Transmutations
   506 | D:1      | Reached XP level 2. HP: 15/15 MP: 3/5
  1010 | D:1      | Reached XP level 3. HP: 18/19 MP: 3/6
  1025 | D:1      | Learned a level 3 spell: Stone Arrow
  2082 | D:2      | Found a hazy altar of Hepliaklqana.
  2216 | D:2      | Reached skill level 1 in Conjurations
  2705 | D:2      | Reached XP level 4. HP: 24/24 MP: 7/7
  3141 | D:2      | Reached skill level 2 in Conjurations
  3255 | D:3      | Found a glowing silver altar of Zin.
  3533 | D:3      | Found a shadowy altar of Dithmenos.
  3919 | D:3      | Reached skill level 5 in Earth Magic
  3948 | D:2      | Reached XP level 5. HP: 18/28 MP: 1/8
  4185 | D:3      | Learned a level 2 spell: Passwall
  4471 | D:3      | Learned a level 1 spell: Corona
  4784 | D:4      | Reached skill level 3 in Conjurations
  4894 | D:4      | Found a basalt altar of Yredelemnul.
  5176 | D:4      | Noticed a centaur
  5193 | D:4      | Killed a centaur
  5194 | D:4      | Reached XP level 6. HP: 9/32 MP: 1/10
  5582 | D:4      | Reached skill level 4 in Conjurations
  5714 | D:4      | Identified the +0 pair of boots "Duuruvvo" {Harm Will+}
  6111 | D:4      | Reached skill level 1 in Bows
  6494 | D:4      | Learned a level 5 spell: Lee's Rapid Deconstruction
  6522 | D:5      | Entered Level 5 of the Dungeon
  6541 | D:5      | Reached XP level 7. HP: 29/36 MP: 8/12
  6904 | D:5      | Reached skill level 5 in Conjurations
  7680 | D:6      | Reached XP level 8. HP: 41/41 MP: 10/15
  7753 | D:6      | Noticed a yak
  7775 | D:6      | Noticed a yak
  7791 | D:5      | Killed a yak
  7935 | D:6      | Reached skill level 5 in Spellcasting
  7982 | D:6      | Reached skill level 6 in Conjurations
  8102 | D:6      | Noticed a yak
  8103 | D:6      | Noticed a yak
  8104 | D:6      | Noticed a yak
  8120 | D:6      | Noticed a yak
  8123 | D:5      | Killed a yak
  8209 | D:5      | Killed a yak
  8212 | D:5      | Killed a yak
  8355 | D:5      | Slain by a yak

Illustrated notes

Levels and vault maps discovered:
D:1:      psy_arrival_terrarium, layout_basic
D:2:      layout_loops_ring, basic_altar
D:3:      layout_rooms, nicolae_overflow_crystal_walls, amcnicky_altar_gilded,
          serial_bayou, serial_bayou_ford_a, serial_bayou_lagoon_b,
          serial_bayou_pond_e, serial_bayou_pond_e, kennysheep_minor_cross
D:4:      layout_loops_corners, lemuel_tele_altar
D:5:      layout_rooms
D:6:      layout_basic, uniq_blork_the_orc

Skill      XL: |  1  2  3  4  5  6  7  8 |
---------------+-------------------------+-----
Transmutations | 1 |  1.2
Earth Magic    | 4 5 |  5.2
Dodging        | 2 |  2.0
Conjurations   | 1 2 3 4 5 6 |  6.8
Spellcasting   | 3 4 5 |  5.7
Bows           | 1 3 4 |  4.9
Stealth        | |  2.1

Action                   |  1- 3 |  4- 6 |  7- 9 || total
-------------------------+-------+-------+-------++-------
Melee: Unarmed           |    82 |       |       ||    82
       Whip              |    23 |   175 |       ||   198
 Fire: Hunting sling     |    33 |    58 |       ||    91
       Shortbow          |       |    28 |    24 ||    52
 Cast: Sandblast         |    31 |     1 |       ||    32
       Stone Arrow       |    11 |    14 |    45 ||    70
  Use: Scroll            |     2 |     1 |     4 ||     7
       Potion            |     1 |     1 |       ||     2
 Stab: Sleeping          |     1 |     1 |       ||     2
Armor: Robe              |    52 |    66 |     2 ||   120
       Skin              |       |     5 |       ||     5
Dodge: Dodged            |   122 |   234 |    20 ||   376

Table legend: (Time is in decaauts)
 A = Elapsed time spent in this place.
 B = Non-inter-level travel time spent in this place.
 C = Inter-level travel time spent in this place.
 D = Time resting spent in this place.
 E = Time spent auto-exploring this place.
 F = Levels seen in this place.
 G = Mean time per level.
                   A        B        C        D        E       F      G
               +--------+--------+--------+--------+--------+-----+--------+
         Total |   8439 |   8162 |    277 |   3194 |   3611 |   6 | 1406.5 |
       Dungeon |   8439 |   8162 |    277 |   3194 |   3611 |   6 | 1406.5 |
               +--------+--------+--------+--------+--------+-----+--------+

Top non-repeatable levels by time:
     D:2: 2052 daAuts
     D:4: 1754 daAuts
     D:1: 1709 daAuts
     D:5: 1458 daAuts
     D:3: 1085 daAuts
     D:6: 379 daAuts
